 Dungeon Crawl Stone Soup version 0.26.1-10-gdfb7c7de75 (webtiles) character file.

Game seed: 16690801084787465536

96236 Electrofox the Thaumaturge (level 15, -3/126 HPs)
             Began as a Green Draconian Ice Elementalist on Mar 28, 2021.
             Was an Elder of Sif Muna.
             Slain by Aizul (44 damage)
             ... on level 4 of the Snake Pit on Apr 3, 2021.
             The game lasted 05:09:23 (39179 turns).

Electrofox the Thaumaturge (DrIE)                  Turns: 39179, Time: 05:09:24

Health: -3/126     AC: 16    Str: 11    XL:     15   Next: 68%
Magic:  19/33      EV: 17    Int: 21    God:    Sif Muna [****..]
Gold:   1491       SH:  0    Dex: 16    Spells: 1/42 levels left

rFire    . . .     SeeInvis .   b - staff of conjuration
rCold    + . .     Faith    .   (no shield)
rNeg     + . .     Spirit   .   (armour unavailable)
rPois    +         Reflect  .   k - +2 hat
rElec    .         Harm     .   X - +0 cloak
rCorr    .         Rampage  .   P - +0 pair of gloves
Will     +....                  y - +2 pair of boots
Stlth    ++........             o - amulet of the acrobat
HPRegen  0.71/turn              L - ring of positive energy
MPRegen  0.23/turn              N - ring of protection from cold

@: sleeping, frozen ramparts
A: breathe noxious fumes, unfitting armour, stinger 2, agile 2, poison
resistance, regeneration 1, evolution 1, cold-blooded, subdued magic 1,
MP-powered wands, AC +9
a: Breathe Noxious Fumes, Renounce Religion, Channel Magic, Forget Spell, Divine
Exegesis


You were on level 4 of the Snake Pit.
You worshipped Sif Muna.
Sif Muna was greatly pleased with you.
You visited 3 branches of the dungeon, and saw 23 of its levels.
You also visited: Gauntlet.

You collected 1647 gold pieces.
You spent 156 gold pieces at shops.

Inventory:

Hand Weapons
 a - a +3 whip of electrocution
 M - the +6 hand axe "Gaemok" {speed, Str+6 Int+4 Stlth+}
   (You found it on level 12 of the Dungeon)

   Attacks with this weapon are significantly faster.
   It affects your strength (+6).
   It affects your intelligence (+4).
   It makes you more stealthy.
 Y - a +2 morningstar of protection
Missiles
 c - 64 poisoned darts
 e - 4 javelins (quivered)
 T - 8 curare-tipped darts
Armour
 k - a +2 hat (worn)
 y - a +2 pair of boots (worn)
 P - a +0 pair of gloves (worn)
 X - a +0 cloak (worn)
Magical Staves
 b - an uncursed staff of conjuration (weapon)
Jewellery
 o - an amulet of the acrobat (around neck)
 r - an uncursed ring of see invisible
 C - an uncursed amulet of faith
 L - a ring of positive energy (left hand)
 N - a ring of protection from cold (right hand)
Wands
 p - a wand of acid (32)
 s - a wand of digging (6)
 t - a wand of iceblast (43)
 x - a wand of disintegration (65)
 E - a wand of flame (52)
 F - a wand of polymorph (14)
Scrolls
 d - 2 scrolls of amnesia
 g - 12 scrolls of remove curse
 j - 4 scrolls of magic mapping
 m - 7 scrolls of teleportation
 q - 3 scrolls of enchant weapon
 D - 2 scrolls of fear
 G - a scroll of noise {unknown}
 H - 2 scrolls of fog
 J - a scroll of torment {unknown}
 O - 3 scrolls of enchant armour {unknown}
 Q - a scroll of brand weapon {unknown}
 R - a scroll of vulnerability {unknown}
 S - a scroll of holy word {unknown}
 U - 2 scrolls of blinking
 V - a scroll of silence {unknown}
 Z - 3 scrolls of identify
Potions
 f - a potion of invisibility
 h - 4 potions of magic
 i - 5 potions of curing
 l - 4 potions of might
 n - 3 potions of haste
 u - 2 potions of ambrosia
 v - a potion of heal wounds
 w - a potion of lignification
 A - 2 potions of resistance
 B - 4 potions of mutation
 I - 4 potions of cancellation
 K - a potion of brilliance
Miscellaneous
 z - a lightning rod (4/4)
 W - a phial of floods


   Skills:
 - Level 10.0 Fighting
 - Level 7.7(9.9) Axes
 - Level 9.6(10.7) Maces & Flails
 - Level 7.0 Dodging
 - Level 1.7 Stealth
 * Level 14.4 Spellcasting
 - Level 7.0 Conjurations
 + Level 4.5 Hexes
 - Level 3.0 Summonings
 - Level 3.0 Transmutations
 - Level 9.0 Fire Magic
 - Level 9.0 Ice Magic
 + Level 2.7 Earth Magic
 - Level 8.0 Poison Magic


You had one spell level left.
You knew the following spells:

 Your Spells              Type           Power        Failure   Level
a - Freeze                Ice            100%         1%          1
b - Frozen Ramparts       Ice            80%          1%          3
c - Ozocubu's Armour      Ice            40%          1%          3
d - Hailstorm             Conj/Ice       54%          1%          4
e - Slow                  Hex            26%          1%          2
f - Inner Flame           Hex/Fire       33%          1%          3
g - Olgreb's Toxic Radia  Pois           37%          1%          4
h - Sticky Flame          Conj/Fire      54%          1%          4
i - Fireball              Conj/Fire      27%          3%          5
j - Ignite Poison         Fire/Tmut/Pois 33%          1%          3
k - Summon Ice Beast      Ice/Summ       31%          2%          4
l - Bolt of Magma         Conj/Fire/Erth 23%          7%          5

Your spell library contained the following spells:

 Spells                   Type           Power        Failure   Level
 Foxfire                  Conj/Fire      100%         1%          1
 Magic Dart               Conj           100%         1%          1
 Sting                    Tmut/Pois      100%         1%          1
 Call Imp                 Summ           21%          1%          2
 Passwall                 Tmut/Erth      16%          1%          2
 Poisonous Vapours        Pois/Air       48%          1%          2
 Conjure Flame            Conj/Fire      54%          1%          3
 Mephitic Cloud           Conj/Pois/Air  41%          1%          3
 Static Discharge         Conj/Air       34%          2%          3
 Fulminant Prism          Conj/Hex       22%          2%          4
 Blink                    Tloc           N/A          4%          2
 Cause Fear               Hex            13%          4%          4
 Iskenderun's Battlesphe  Conj           51%          4%          5
 Metabolic Englaciation   Hex/Ice        16%          5%          5
 Leda's Liquefaction      Hex/Erth       11%          7%          4
 Lesser Beckoning         Tloc           5%           10%         3
 Petrify                  Tmut/Erth      20%          11%         4
 Animate Dead             Necr           5%           34%         4
 Passage of Golubria      Tloc           N/A          34%         4
 Silence                  Hex/Air        9%           36%         5
 Freezing Cloud           Conj/Ice/Air   21%          52%         6
 Iron Shot                Conj/Erth      20%          61%         6
 Orb of Destruction       Conj           25%          87%         7
 Spellforged Servitor     Conj/Summ      20%          99%         7


Dungeon Overview and Level Annotations

Branches:
Dungeon (13/15)            Temple (0/1) D:5            Lair (6/6) D:8
 Shoals (0/4) Lair:4        Snake (4/4) Lair:2        Slime (0/5) Lair:5
    Orc (0/2) D:10        Gauntlet (visited)
 Vaults: D:13-14

Altars:
Ashenzari
Cheibriados
Elyvilon
Hepliaklqana
Kikubaaqudgha
Nemelex Xobeh
Okawaru
Qazlal
Sif Muna
Trog
Wu Jian
Zin
The Shining One
Jiyva

Shops:
D:4 =   D:5 [*[}   Snake:1 *   Snake:2 ?(![

Annotations:
D:5 2 transporters, exclusion: downstairs
D:11 exclusion: cyclops
D:12 exclusion: basilisk
D:13 exclusion: two-headed ogre, Urug
Lair:4 exclusion: oklob plant
Lair:5 1 runed translucent door, exclusion: door
Snake:2 exclusions: black mamba, hog, naga sharpshooter and shock serpent
Snake:4 Aizul


Innate Abilities, Weirdness & Mutations

You can breathe blasts of noxious fumes.
Your lurid green scales are hard. (AC +9)
You cannot fit into any form of body armour.
Your tail ends in a sharp poisonous barb.
Your system is resistant to poisons. (rPois)
You are cold-blooded and may be slowed by cold attacks.
You are very agile. (Dex +4)
Your natural rate of healing is unusually fast.
You evolve.
Your spells are a little easier to cast, but a little less powerful.
You expend magic power (3 MP) to strengthen your wands.


Message History

Aim: Aizul (heavily wounded)
You freeze Aizul!
Aizul is severely wounded.
The wall freezes Aizul.
Aizul hits you!
Your ice beast completely misses Aizul.
Casting: Freeze (safe; 1% risk of failure)
Confirm with . or Enter, or press ? or * to list all spells.
Aiming: Freeze (safe; 1% risk of failure)
Press: ? - help, Shift-Dir - straight line, f/p - Aizul
Aim: Aizul (severely wounded)
You freeze Aizul.
Aizul is severely wounded.
The wall freezes Aizul.
Aizul coils herself and waves her upper body at you.
The bolt of poison hits you. You resist.
The wall freezes Aizul.
Aizul says, "Everybody has to sleep sometimes."
Aizul casts a spell at you.
You fall asleep.
Your ice beast closely misses Aizul.
The wall freezes Aizul!
Aizul hits you!!!
You die...

................... .......
...)............... .....S.
../............... .......
................# .N.....
...####........# .......
#### #......# ....... #####
##......## ##.......
....###........#####......!.
............#...@##...###...
...........###.YS[)...#
.........### ##.†[..###
...[.....# ##<†..#
#.......## ##.### #########
###


You could see Aizul and a friendly ice beast (summoned).

Vanquished Creatures
  Frances (Snake:1)
  Gastronok (Lair:3)
  Donald (Snake:1)
  Nessos (Lair:4)
  Harold (D:11)
  Josephine (Lair:4)
  5 naga warriors
  5 hydras
  Erica (D:8)
  A merfolk avatar (Lair:6)
  6 anacondas
  A two-headed ogre (D:10)
  5 death yaks
  4 naga sharpshooters
  A shock serpent (Snake:2)
  Sonja (Lair:3)
  3 salamander mystics
  An unseen horror (D:7)
  3 sea snakes (Snake:3)
  6 naga ritualists
  Pikel (D:6)
  A harpy (Lair:6)
  2 cyclopes
  An ugly thing (D:10)
  12 salamanders
  6 mana vipers
  A manticore (Lair:6)
  An elephant (Lair:6)
  A merfolk siren (Lair:4)
  2 guardian serpents
  26 black mambas
  Joseph (D:7)
  2 torpor snails
  13 cane toads
  10 naga magi
  A gargoyle (D:11)
  7 orange demons (D:10)
  An efreet (D:13)
  17 komodo dragons
  10 rime drakes
  A red devil (D:10)
  5 polar bears
  3 merfolk (Lair:4)
  4 wind drakes
  A troll (D:10)
  5 hornets (Lair:6)
  4 blink frogs (Lair:6)
  2 dream sheep (Lair:5)
  3 slime creatures
  5 shadows
  44 yaks
  4 wraiths
  5 wyverns
  2 basilisks
  A steam dragon (D:9)
  Edmund (D:6)
  31 nagas
  16 water moccasins
  A two-headed ogre zombie (D:10)
  Duvessa (D:7)
  2 orc warriors
  4 sky beasts
  5 phantoms
  11 ice beasts
  4 centaurs
  6 wolves (Lair:4)
  7 ogres
  3 lemures (D:6)
  3 big kobolds
  12 bullfrogs
  A gnoll sergeant (D:7)
  A wyvern skeleton (D:11)
  Dowan (D:7)
  2 scorpions
  4 troll zombies (D:10)
  5 killer bees
  13 wights
  2 electric eels
  2 howler monkeys
  14 jellies
  8 orc priests
  7 hounds
  3 centaur skeletons
  Terence (D:2)
  A bullfrog skeleton (D:8)
  3 iguanas
  6 orc wizards
  8 worker ants
  7 hell rats (Lair:4)
  3 ogre zombies (D:10)
  2 hound zombies
  2 howler monkey zombies (D:6)
  Robin (D:2)
  A howler monkey skeleton (D:8)
  A worker ant zombie (D:7)
  20 adders
  7 gnolls
  2 shadow imps
  19 oozes
  2 ufetubi (D:6)
  An adder zombie (D:7)
  5 worms
  An adder skeleton (D:9)
  2 dart slugs (D:1)
  4 leopard geckos
  27 orcs
  2 bats
  3 giant cockroaches
  10 goblins
  7 hobgoblins
  21 kobolds
  4 quokkas
  4 ball pythons
  5 frilled lizards
  3 goblin skeletons (D:10)
  2 goblin zombies (D:10)
  A hobgoblin zombie (D:10)
  A jackal skeleton (D:7)
  3 orc skeletons (D:10)
  16 orc zombies (D:10)
  7 rats
639 creatures vanquished.

Vanquished Creatures (collateral kills)
  A naga (Snake:2)
1 creature vanquished.

Vanquished Creatures (others)
  A wight (D:13)
  An orc (D:7)
  A demonic plant (Gauntlet)
  51 fungi
  113 plants
167 creatures vanquished.

Grand Total: 807 creatures vanquished

Notes
Turn   | Place    | Note
-------+----------+-------------------------------------------
     0 | D:1      | Electrofox the Draconian Ice Elementalist began the quest
                  | for the Orb.
     0 | D:1      | Reached XP level 1. HP: 14/14 MP: 3/3
   327 | D:1      | Reached XP level 2. HP: 20/20 MP: 3/5
   915 | D:1      | You fall into a shaft and drop 1 floor!
   993 | D:2      | Found a sparkling altar of Nemelex Xobeh.
   994 | D:2      | Noticed Terence
  1020 | D:2      | Reached XP level 3. HP: 26/26 MP: 4/7
  1032 | D:2      | Learned a level 3 spell: Frozen Ramparts
  1036 | D:2      | Learned a level 3 spell: Ozocubu's Armour
  1444 | D:2      | Reached skill level 3 in Spellcasting
  1514 | D:2      | Reached XP level 4. HP: 24/33 MP: 2/8
  1646 | D:2      | Reached skill level 5 in Ice Magic
  1668 | D:2      | Noticed Robin
  1915 | D:2      | Found a shimmering blue altar of Sif Muna.
  1919 | D:2      | Became a worshipper of Sif Muna the Loreminder
  1940 | D:2      | Killed Robin
  2460 | D:3      | Reached XP level 5. HP: 36/38 MP: 6/10
  3220 | D:3      | Found an ornate altar of the Wu Jian Council.
  3360 | D:4      | Noticed an ogre
  3498 | D:4      | Found a broken altar of Ashenzari.
  3536 | D:4      | Noticed a phantom
  3553 | D:4      | Found Mah Nadadwigg's Jewellery Boutique.
  3609 | D:4      | Killed a phantom
  3610 | D:4      | Reached XP level 6. HP: 18/45 MP: 8/11
  3948 | D:5      | Entered Level 5 of the Dungeon
  3963 | D:5      | Found a transporter.
  3969 | D:5      | Reached skill level 4 in Spellcasting
  3994 | D:5      | Reached * piety under Sif Muna
  4109 | D:5      | Found Wuch's Gadget Shop.
  4112 | D:5      | Found Qalaymmischo's Assorted Antiques.
  4174 | D:5      | Found a transporter.
  4417 | D:5      | Found a staircase to the Ecumenical Temple.
  4433 | D:5      | Learned a level 4 spell: Hailstorm
  4436 | D:5      | Learned a level 2 spell: Slow
  4446 | D:5      | Found Fesurush's Antique Armour Shop.
  4513 | D:5      | Your scales start taking on a lurid green colour.
  4513 | D:5      | Reached XP level 7. HP: 49/50 MP: 9/13
  4513 | D:5      | Gained mutation: Your system is resistant to poisons.
                  | (rPois) [Green Draconian growth]
  4601 | D:5      | Found a white marble altar of Elyvilon.
  4881 | D:6      | Reached skill level 5 in Spellcasting
  4935 | D:6      | Noticed Edmund
  4957 | D:6      | Reached skill level 1 in Conjurations
  4957 | D:6      | Reached skill level 1 in Hexes
  4959 | D:6      | Noticed Pikel
  5444 | D:6      | Reached XP level 8. HP: 53/57 MP: 13/15
  5496 | D:6      | Killed Pikel
  5813 | D:6      | Found an ancient bone altar of Kikubaaqudgha.
  6118 | D:6      | Learned a level 1 spell: Sting
  6274 | D:2      | Killed Terence
  6401 | D:4      | Reached skill level 1 in Transmutations
  6401 | D:4      | Reached skill level 1 in Poison Magic
  6497 | D:4      | Reached ** piety under Sif Muna
  6498 | D:4      | Reached XP level 9. HP: 35/62 MP: 13/17
  6692 | D:5      | Found Wuemaw's Antique Armour Boutique.
  6819 | D:6      | Reached skill level 1 in Maces & Flails
  7228 | D:7      | Found a sparkling altar of Nemelex Xobeh.
  7673 | D:7      | Noticed Joseph
  7673 | D:7      | You fall into a shaft and drop 3 floors!
  7673 | D:10     | Entered Level 10 of the Dungeon
  7731 | D:9      | Found a hazy altar of Hepliaklqana.
  7899 | D:9      | Found a stormy altar of Qazlal.
  7991 | D:9      | Reached skill level 5 in Poison Magic
  7998 | D:9      | Learned a level 4 spell: Olgreb's Toxic Radiance
  8111 | D:8      | Found an iron altar of Okawaru.
  8120 | D:8      | Noticed Erica
  8138 | D:8      | Killed Erica
  8260 | D:7      | Found a glowing silver altar of Zin.
  8338 | D:8      | Found a staircase to the Lair.
  8515 | D:8      | Found a viscous altar of Jiyva.
  8552 | D:8      | Found a glowing golden altar of the Shining One.
  8703 | D:7      | Noticed Duvessa
  8703 | D:7      | Noticed Dowan
  8715 | D:7      | Killed Dowan
  8792 | D:7      | Reached XP level 10. HP: 62/69 MP: 15/18
  8942 | D:7      | Reached *** piety under Sif Muna
  8943 | D:7      | Reached skill level 5 in Maces & Flails
  8966 | D:7      | Killed Joseph
  9172 | D:7      | Killed Duvessa
 10027 | D:9      | Found a bloodstained altar of Trog.
 11687 | D:10     | Noticed an orange demon
 11691 | D:10     | Noticed an orange demon
 11702 | D:10     | Killed an orange demon
 11708 | D:10     | Killed an orange demon
 12199 | D:10     | Noticed an orange demon
 12199 | D:10     | Noticed an orange demon
 12199 | D:10     | Noticed an orange demon
 12199 | D:10     | Noticed an orange demon
 12227 | D:10     | Killed an orange demon
 12228 | D:10     | Reached skill level 6 in Spellcasting
 12232 | D:10     | Killed an orange demon
 12245 | D:10     | Killed an orange demon
 12406 | D:10     | Learned a level 4 spell: Sticky Flame
 12463 | D:10     | Found a staircase to the Orcish Mines.
 12503 | D:10     | Reached XP level 11. HP: 70/74 MP: 19/21
 12506 | D:10     | Reached **** piety under Sif Muna
 12560 | D:10     | Noticed a two-headed ogre
 12821 | D:10     | Killed a two-headed ogre
 12822 | D:10     | Reached skill level 7 in Spellcasting
 13209 | D:10     | Reached skill level 1 in Fire Magic
 13673 | D:10     | Reached skill level 5 in Conjurations
 14200 | D:11     | Noticed a green ugly thing
 14223 | D:10     | Killed a green ugly thing
 14764 | D:11     | Reached ***** piety under Sif Muna
 14994 | D:11     | Noticed Harold
 15011 | D:11     | Killed Harold
 15012 | D:11     | Reached skill level 5 in Fire Magic
 15133 | D:11     | Upgraded the game from 0.26.1-2-gb8aa6d0cf2 to
                  | 0.26.1-10-gdfb7c7de75
 15473 | D:6      | Killed Edmund
 15501 | D:6      | Found a snail-covered altar of Cheibriados.
 15605 | D:7      | Noticed an unseen horror
 15614 | D:7      | Killed an unseen horror
 15739 | D:8      | Identified Sif Muna's Tome of the Gliding Traveller (Sif
                  | Muna gifted it to you on level 8 of the Dungeon)
 15739 | D:8      | Received a gift from Sif Muna
 15997 | D:10     | Reached skill level 1 in Fighting
 16305 | D:12     | Got a dazzling hand axe
 16406 | D:12     | Reached XP level 12. HP: 52/88 MP: 14/23
 16671 | D:12     | You fall into a shaft and drop 1 floor!
 16732 | D:13     | Found a gate leading to a gauntlet.
 16747 | Gauntlet | Entered a Gauntlet
 16747 | Gauntlet | Found a transporter.
 16747 | Gauntlet | Found a transporter.
 16952 | Gauntlet | Found a transporter.
 16952 | Gauntlet | Found a transporter.
 16956 | Gauntlet | Found a transporter.
 16956 | Gauntlet | Found a transporter.
 16984 | Gauntlet | Found a runed translucent door.
 16986 | Gauntlet | Found a runed translucent door.
 16988 | Gauntlet | Found a transporter.
 16992 | Gauntlet | Found a transporter.
 16994 | Gauntlet | Noticed a death yak
 16994 | Gauntlet | Noticed a death yak
 16994 | Gauntlet | Noticed a death yak
 16996 | Gauntlet | Noticed a death yak
 16999 | Gauntlet | Noticed a death yak
 17001 | Gauntlet | Noticed a death yak
 17005 | Gauntlet | Found a transporter.
 17016 | Gauntlet | Noticed a minotaur
 17017 | Gauntlet | Found a transporter.
 17032 | Gauntlet | Found a transporter.
 17036 | Gauntlet | Found a transporter.
 17133 | D:13     | Noticed Urug
 17274 | D:13     | Reached skill level 8 in Spellcasting
 17278 | D:13     | Noticed a two-headed ogre
 17309 | D:12     | Noticed a two-headed ogre
 17464 | Lair:1   | Entered Level 1 of the Lair of Beasts
 18145 | Lair:1   | Noticed an eight-headed hydra
 18161 | Lair:1   | Killed an eight-headed hydra
 18271 | Lair:1   | Noticed a five-headed hydra
 18302 | Lair:1   | Killed a five-headed hydra
 18303 | Lair:1   | Reached skill level 5 in Fighting
 18873 | Lair:1   | Learned a level 5 spell: Fireball
 19323 | Lair:2   | Found a staircase to the Snake Pit.
 19433 | Lair:2   | Noticed a five-headed hydra
 19447 | Lair:2   | Killed a five-headed hydra
 20729 | Lair:3   | Identified the +6 hand axe "Gaemok" {speed, Str+6 Int+4
                  | Stlth+} (You found it on level 12 of the Dungeon)
 20753 | Lair:3   | Noticed Sonja
 20760 | Lair:3   | Killed Sonja
 20761 | Lair:3   | Reached skill level 1 in Axes
 20764 | Lair:3   | Reached skill level 9 in Spellcasting
 21113 | Lair:3   | Reached XP level 13. HP: 56/107 MP: 19/26
 21165 | Lair:3   | Noticed Gastronok
 21364 | Lair:3   | Reached skill level 5 in Dodging
 21532 | Lair:3   | Killed Gastronok
 22039 | Lair:3   | Identified Sif Muna's Papyrus of Ice and Stones (Sif Muna
                  | gifted it to you on level 3 of the Lair of Beasts)
 22039 | Lair:3   | Received a gift from Sif Muna
 22044 | Lair:3   | Learned a level 2 spell: Passwall
 22307 | Lair:3   | Learned a level 3 spell: Inner Flame
 23074 | Lair:4   | Noticed Nessos
 24149 | Lair:4   | Reached skill level 5 in Axes
 24586 | Lair:4   | Noticed Josephine
 24593 | Lair:4   | Killed Josephine
 24911 | Lair:4   | You fall into a shaft and drop 2 floors!
 24911 | Lair:6   | Entered Level 6 of the Lair of Beasts
 25653 | Lair:6   | Identified Sif Muna's Arcane Arts in Simple Steps (Sif Muna
                  | gifted it to you on level 6 of the Lair of Beasts)
 25653 | Lair:6   | Received a gift from Sif Muna
 25816 | Lair:6   | Gained mutation: Your tail ends in a poisonous barb. [Green
                  | Draconian growth]
 25816 | Lair:6   | Reached XP level 14. HP: 105/118 MP: 16/27
 26400 | Lair:4   | Learned a level 3 spell: Ignite Poison
 26548 | Lair:4   | Killed Nessos
 27248 | Lair:4   | Found a staircase to the Shoals.
 27378 | Lair:5   | Reached skill level 10 in Spellcasting
 27733 | Lair:5   | Found a runed translucent door.
 27735 | Lair:5   | Found a viscous altar of Jiyva.
 27735 | Lair:5   | Noticed an acid blob
 27737 | Lair:5   | Noticed an acid blob
 27738 | Lair:5   | Found a staircase to the Slime Pits.
 30568 | Snake:1  | Entered Level 1 of the Snake Pit
 30569 | Snake:1  | Noticed Donald
 30833 | Snake:1  | Killed Donald
 30833 | Snake:1  | Noticed Frances
 30834 | Snake:1  | Reached skill level 10 in Fighting
 31056 | Snake:1  | Gained mutation: You tend to lose your temper in combat. [a
                  | neqoxec]
 31066 | Snake:1  | Killed Frances
 31067 | Snake:1  | Reached skill level 11 in Spellcasting
 31622 | Snake:1  | HP: 1/121 [naga sharpshooter/bolt (30)]
 32629 | Snake:1  | Found Zotzofet's Assorted Antiques.
 33291 | Snake:1  | Learned a level 4 spell: Summon Ice Beast
 33391 | Snake:2  | Reached skill level 12 in Spellcasting
 33628 | Snake:2  | Reached skill level 1 in Summonings
 34372 | Snake:2  | Reached XP level 15. HP: 70/126 MP: 12/31
 35388 | Snake:2  | Found Emeg's Armour Shoppe.
 35389 | Snake:2  | Found Fuw Atz's Antique Weapon Shoppe.
 35389 | Snake:2  | Found Cessah's Distillery.
 35394 | Snake:2  | Found Teler's Magic Scroll Shoppe.
 35405 | Snake:2  | Bought a potion of heal wounds for 60 gold pieces
 35405 | Snake:2  | Bought a potion of mutation for 96 gold pieces
 35406 | Snake:2  | Lost mutation: You tend to lose your temper in combat.
                  | [potion of mutation]
 35406 | Snake:2  | Gained mutation: You have a pair of small antennae on your
                  | head. [potion of mutation]
 35406 | Snake:2  | Gained mutation: You tend to lose your temper in combat.
                  | [potion of mutation]
 35406 | Snake:2  | Gained mutation: You are agile. (Dex +2) [potion of
                  | mutation]
 35406 | Snake:2  | Gained mutation: You are very agile. (Dex +4) [potion of
                  | mutation]
 35407 | Snake:2  | Lost mutation: You tend to lose your temper in combat.
                  | [potion of mutation]
 35407 | Snake:2  | Lost mutation: You have a pair of small antennae on your
                  | head. [potion of mutation]
 35407 | Snake:2  | Gained mutation: Your spells are a little easier to cast,
                  | but a little less powerful. [potion of mutation]
 35407 | Snake:2  | Gained mutation: You expend magic power (3 MP) to
                  | strengthen your wands. [potion of mutation]
 35407 | Snake:2  | Gained mutation: Your tail ends in a sharp poisonous barb.
                  | [potion of mutation]
 35407 | Snake:2  | Gained mutation: You evolve. [potion of mutation]
 35948 | Snake:3  | Reached skill level 13 in Spellcasting
 37846 | Snake:3  | Reached skill level 14 in Spellcasting
 37852 | Snake:3  | Learned a level 5 spell: Bolt of Magma
 37989 | Snake:3  | Reached skill level 1 in Earth Magic
 38071 | Snake:3  | Gained mutation: Your natural rate of healing is unusually
                  | fast. [evolution]
 38412 | Snake:3  | Noticed a nagaraja
 38490 | Snake:4  | Entered Level 4 of the Snake Pit
 39035 | Snake:4  | Noticed Aizul
 39179 | Snake:4  | Slain by Aizul

Illustrated notes

Levels and vault maps discovered:
D:1:      onia_arrival_mini_maze, layout_basic, solitary_fountain
D:2:      layout_basic, nemelex_xobeh_ov_fountains_minmay,
          lemuel_blue_sif_altar, uniq_terence, uniq_robin
D:3:      layout_loops_corners, lemuel_doored_altar
D:4:      layout_gridville, cheibrodos_ashenzari_chains, serial_shops,
          kennysheep_little_box, sigmund_army
D:5:      gammafunk_steamed_eel, layout_cave_pools,
          minmay_temple_entry_statues_pillars, serial_shops,
          kennysheep_mini_moat, nicolae_shop_trees, shop, shop,
          grunt_ministairs_8, elyvilon_altar_3
D:6:      layout_cave_pools, lemuel_coloured_pillars_altar,
          general_overflow_altar, fountainhead, minmay_bent, uniq_pikel,
          uniq_edmund
D:7:      minmay_bubble_buster, layout_loops_ring,
          nicolae_overflow_hidden_temple, serial_glass, glass_columns_a,
          glass_columns_b, glass_columns_b, glass_columns_b, glass_columns_a,
          glass_columns_b, basic_altar, uniq_joseph, uniq_duvessa
D:8:      layout_gridville, lemuel_crystal_altar, okawaru_gym_becter,
          david_lair_shrubbed, minivault_21, jiyva_altar_1, uniq_erica
D:9:      layout_loops_ring, overflow_temple_1_default,
          nzn_hepliaklqana_mist_gate, lemuel_round_altar,
          chequers_serial_rivers_room_a
D:10:     layout_irregular_city, zombieorc2_lemuel, minmay_beelzebubs_servants
D:11:     layout_cave_pools, uniq_harold
D:12:     layout_roguey, chequers_serial_rivers_room_a
D:13:     layout_gridville, serial_rivers, chequers_serial_rivers_room_b,
          chequers_serial_rivers_micro_a, chequers_serial_rivers_micro_e,
          chequers_serial_rivers_micro_a, gauntlet_entry_generic, serial_shops,
          nicolae_shop_trees, uniq_urug, uniq_azrael
Lair:1:   wander_river, layout_regular_city, chequers_serial_rivers_large_a
Lair:2:   layout_regular_city, minmay_snake_entry_guardpost_small, st_stairs_9
Lair:3:   lemuel_slime, layout_regular_city, serial_bayou_shore_b,
          lemuel_fruit_fields, serial_bayou_shore_a, serial_bayou_shore_b,
          uniq_sonja, uniq_gastronok
Lair:4:   layout_big_grid, elwin_shoals_entry_stream,
          portal_ice_cave_entry_ice_beasts, chequers_serial_rivers_micro_b,
          uniq_nessos, uniq_josephine
Lair:5:   layout_loops_ring, slime_altar_2
Lair:6:   gammafunk_lair_ancient_temple, layout_regular_city
Snake:1:  layout_layer_cave, serial_shops, nicolae_shop_crystal,
          lemuel_fruit_tree, serial_bayou_shore_b, uniq_frances, uniq_donald
Snake:2:  layout_misc_corridors, st_stairs_4, minmay_shop_grid_forest,
          uniq_kirke
Snake:3:  kennysheep_snake, layout_basic, guppyfry_snake_island
Snake:4:  minmay_snake_end_coiled, layout_grid_shapes, uniq_aizul

Skill      XL: |  1  2  3  4  5  6  7  8  9 10 11 12 13 14 15 |
---------------+----------------------------------------------+-----
Spellcasting   | 3 4 5 6 7 9 12 14 | 14.4
Ice Magic      | 5 6 7 8 9 |  9.0
Conjurations   | 2 4 7 |  7.0
Hexes          | 2 4 |  4.5
Transmutations | 1 3 |  3.0
Poison Magic   | 2 8 |  8.0
Maces & Flails | 4 9 |  9.6
Fire Magic     | 5 7 9 |  9.0
Fighting       | 2 7 9 10 | 10.0
Dodging        | 2 4 6 7 |  7.0
Axes           | 1 6 7 |  7.7
Summonings     | 2 3 |  3.0
Earth Magic    | 2 |  2.7
Stealth        | |  1.7

Action                   |  1- 3 |  4- 6 |  7- 9 | 10-12 | 13-15 || total
-------------------------+-------+-------+-------+-------+-------++-------
Melee: Unarmed           |     1 |       |       |       |       ||     1
       Short sword       |    15 |    67 |   123 |       |       ||   205
       Tailslap          |     3 |     6 |    21 |    56 |    71 ||   157
       Whip              |       |       |    95 |   414 |   363 ||   872
       Hand axe          |       |       |       |    12 |    23 ||    35
       Staff             |       |       |       |       |    69 ||    69
       Morningstar       |       |       |       |       |     3 ||     3
Throw: Stone             |    25 |       |       |       |       ||    25
       Javelin           |    12 |    19 |    10 |     5 |     1 ||    47
       Dart              |       |     9 |    23 |    30 |    54 ||   116
 Cast: Freeze            |    39 |    53 |    79 |   146 |   254 ||   571
       Ozocubu's Armour  |       |     5 |     4 |    23 |    27 ||    59
       Frozen Ramparts   |       |     4 |     4 |    24 |    84 ||   116
       Hailstorm         |       |       |    19 |    89 |   176 ||   284
       Slow              |       |       |     5 |    45 |    10 ||    60
       Sting             |       |       |    20 |    20 |       ||    40
       Olgreb's Toxic Ra |       |       |       |     3 |    11 ||    14
       Sticky Flame      |       |       |       |    10 |    16 ||    26
       Fireball          |       |       |       |     2 |    17 ||    19
       Inner Flame       |       |       |       |       |     4 ||     4
       Summon Ice Beast  |       |       |       |       |     6 ||     6
       Ignite Poison     |       |       |       |       |     1 ||     1
       Bolt of Magma     |       |       |       |       |     3 ||     3
 Abil: Breathe Noxious F |       |       |    13 |    20 |    24 ||    57
       Evoke Flight      |       |       |       |       |     3 ||     3
       Stop Flying       |       |       |       |       |     1 ||     1
Evoke: Wand              |       |       |     1 |       |     1 ||     2
       Lightning rod     |       |       |       |     2 |     3 ||     5
  Use: Scroll            |       |     6 |     4 |    13 |    12 ||    35
       Potion            |       |       |       |       |     6 ||     6
 Stab: Sleeping          |     3 |     4 |     4 |     6 |       ||    17
       Distracted        |       |     1 |       |       |       ||     1
       Confused          |       |       |       |     3 |    12 ||    15
Armor: Skin              |    11 |    36 |    93 |   183 |   265 ||   588
Dodge: Dodged            |    21 |    56 |   152 |   292 |   566 ||  1087
